AoeStats
← Flip

Arabia

507893500Analyzed
3v3 RM · 11d ago on Sep 20, 2026· 59m 47s· 6 players
Game mode
Random Map
Map size
Normal (6 player)
Population
200
Speed
Normal
Resources
Standard
Victory
Conquest
Starting age
Dark Age
Ending age
Imperial Age
RankedLock teamsTeams togetherTeam positionsShared explorationLock speedFull tech treeHidden civsTurbo modeCheats
Victory
Defeat
🇦🇷 Inca · Argentina
845
+14
🇦🇺 Slavs · Australia
808
+16
🇺🇸 Armenians · United States
782
+17
🇦🇷 Magyars · Argentina
897
-20
🇦🇷 Vietnamese · Argentina
798
-15
🇦🇷 Portuguese · Argentina
701
-19
henry j.waternoose
11:49 Feudal Age
18:12 Castle Age
16:23 Double-Bit Axe
18:11 Wheelbarrow
18:12 Town Watch
19:20 Stone Mining
21:15 Horse Collar
27:04 Heavy Plow
27:24 Gold Mining
28:14 Fletching
28:26 Padded Archer Armor
31:02 Bow Saw
37:31 Imperial Age
35:19 Hand Cart
34:49 Loom
35:50 Gold Shaft Mining
35:25 Bodkin Arrow
35:41 Forging
35:33 Scale Mail Armor
35:49 Leather Archer Armor
38:03 Iron Casting
39:59 Sanctity
40:33 Pikeman
41:13 Squires
40:59 Gambesons
47:02 Blast Furnace
47:19 Town Patrol
47:25 Bracer
46:53 Elite Composite Bowman
49:18 Ballistics
49:59 Chemistry
52:46 Halberdier
57:48 Conscription
58:27 Arson
GordoBasofia
10:16 Feudal Age
16:40 Double-Bit Axe
16:51 Horse Collar
21:54 Castle Age
20:27 Forging
20:53 Champi Runner
21:36 Fletching
22:18 Champi Warrior
22:46 Elite Skirmisher
24:59 Squires
26:30 Scale Mail Armor
33:44 Loom
34:40 Wheelbarrow
43:03 Imperial Age
50:39 Iron Casting
50:19 Chain Mail Armor
50:00 Bodkin Arrow
50:06 Padded Archer Armor
50:02 Elite Champi Warrior
59:28 Spies/Treason
Flip
5:53 Loom
13:04 Feudal Age
14:27 Wheelbarrow
19:46 Castle Age
18:44 Double-Bit Axe
18:42 Horse Collar
20:26 Bloodlines
20:33 Husbandry
23:28 Bow Saw
27:08 Stone Mining
27:11 Gold Mining
28:16 Heavy Plow
28:07 Man-at-Arms
28:18 Pikeman
29:45 Squires
30:39 Hand Cart
33:35 Forging
35:56 Gold Shaft Mining
35:45 Man-at-Arms
37:57 Long Swordsman
47:53 Imperial Age
46:28 Iron Casting
45:54 Scale Mail Armor
47:58 Two-Handed Swordsman
49:12 Crop Rotation
49:46 Two-Man Saw
49:29 Conscription
49:09 Champion
50:26 Druzhina
53:37 Blast Furnace
52:53 Chain Mail Armor
52:15 Halberdier
56:13 Plate Mail Armor
57:18 Elite Boyar
60:04 Scale Barding Armor
T'rompí
6:24 Loom
10:26 Feudal Age
12:42 Horse Collar
12:53 Double-Bit Axe
13:53 Bloodlines
17:30 Scale Barding Armor
22:37 Castle Age
21:59 Gold Mining
25:02 Husbandry
24:52 Pikeman
28:43 Elite Skirmisher
33:22 Fervor
34:40 Ballistics
36:09 Padded Archer Armor
36:00 Fletching
38:26 Corvinian Army
43:22 Bodkin Arrow
49:04 Imperial Age
47:00 Chain Barding Armor
46:36 Town Watch
49:09 Elite Magyar Huszar
nicolasgomez1989
1:15 Loom
11:27 Feudal Age
12:20 Double-Bit Axe
15:05 Wheelbarrow
22:40 Stone Mining
24:04 Horse Collar
26:17 Gold Mining
30:45 Castle Age
30:21 Padded Archer Armor
30:12 Fletching
31:51 Leather Archer Armor
31:32 Bodkin Arrow
31:49 Thumb Ring
31:05 Crossbowman
31:06 Elite Skirmisher
31:59 Thumb Ring
33:12 Hand Cart
34:47 Stone Shaft Mining
35:38 Circumnavigation
39:43 Imperial Age
41:22 Fortified Wall
42:15 Chemistry
41:26 Masonry
41:12 Murder Holes
41:10 Heated Shot
45:24 Arquebus
47:09 Elite Organ Gun
49:16 Husbandry
48:37 Cavalier
52:02 Ring Archer Armor
51:33 Bracer
51:59 Bombard Tower
59:33 Guard Tower
MonjeCarlos
4:38 Loom
8:47 Loom
11:28 Feudal Age
12:30 Town Watch
19:34 Padded Archer Armor
20:11 Horse Collar
21:10 Double-Bit Axe
23:25 Fletching
27:41 Castle Age
27:12 Gold Mining
28:48 Town Patrol
29:01 Bow Saw
28:18 Crossbowman
34:11 Wheelbarrow
41:33 Bodkin Arrow
43:22 Ballistics
46:41 Scale Mail Armor
47:48 Treadmill Crane
Connection lost

Rejoining the realm…

Still unreachable

The connection could not be restored.

Session expired

The server has moved on; the page needs a fresh start.